Map: Vigía EE

Players

MrFercho - Winner!

  • Race: Zerg Zerg
  • League: Silver
  • Spawn Location: 6:00

TATORREA - Winner!

  • Race: Protoss Protoss
  • League: Silver
  • Spawn Location: 5:00

tigro - Winner!

  • Race: Terran Terran
  • League: Bronze
  • Spawn Location: 5:00

mentarok

  • Race: Protoss Protoss
  • Spawn Location: 9:00

Hélios

  • Race: Terran Terran
  • Spawn Location: 9:00

Odo

  • Race: Zerg Zerg
  • Spawn Location: 12:00

VOD

Have the link to the VOD?

Description

Time

  • Played on: June 25, 2020, 8:42 p.m.
  • Length: 14:25
Show
View Real Time Build Order
Export as new Build Order

MrFercho Zerg - Winner!

Build Orders: Pool First 

Get SALT Encoding   

  12  0:03  Drone  
  13  0:23  Spawning Pool  
  12  0:30  Overlord  
  12  0:37  Drone  
  12  0:41  Drone  
  14  0:50  Drone  
  15  1:08  Drone x2  
  15  1:11  Queen  
  19  1:21  Zergling x2  
  20  1:36  Hatchery  
  19  1:40  Zergling x4  
  19  1:45  Extractor  
  20  1:52  Extractor, Drone  
  20  2:00  Drone  
  21  2:09  Drone  
  22  2:23  Overlord  
  22  2:24  Overlord  
  22  2:44  Drone  
  22  2:45  Drone x2  
  22  2:50  Spine Crawler  
  24  3:00  Zergling x8  
  28  3:09  Roach Warren  
  28  3:10  Drone x3  
  28  3:12  Metabolic Boost  
  30  3:23  Zergling x2  
  30  3:26  Drone  
  32  3:57  Roach  
  32  3:58  Roach x5  
  44  4:04  Overlord x2  
  42  4:43  Zergling x12  
  47  5:13  Zergling x8  
  47  5:54  Lair  
  47  5:55  Drone x6  
  53  5:57  Queen  
  52  6:28  Spore Crawler  
  51  6:38  Evolution Chamber  
  47  6:55  Drone x6  
  53  7:08  Drone x2  
  55  7:15  Zerg Melee Weapons Level 1  
  55  7:30  Hatchery  
  55  7:32  Hatchery  
  55  7:33  Hydralisk Den, Drone  
  55  7:34  Drone x3  
  51  7:44  Roach x4  
  51  7:46  Overlord x4  
  59  7:57  Extractor  
  58  8:02  Extractor  
  58  8:05  Muscular Augments  
  57  8:09  Drone x4  
  61  8:16  Spine Crawler  
  61  8:18  Spine Crawler  
  61  8:19  Spine Crawler, Spore Crawler  
  57  8:21  Drone x6  
  63  8:33  Drone x2  
  65  8:39  Drone x2  
  67  8:55  Hydralisk x8  
  83  9:09  Drone  
  84  9:10  Drone x4  
  84  9:12  Overlord x2  
  84  9:16  Grooved Spines  
  88  9:36  Hatchery  
  87  9:39  Extractor  
  87  9:42  Extractor  
  65  10:01  Spire  
  65  10:05  Hydralisk x8  
  80  10:40  Hydralisk x9  
  98  10:44  Zerg Missile Weapons Level 1  
  98  10:52  Lurker Den  
  97  10:58  Drone x5  
  102  11:51  Drone x17  
  102  11:52  Drone x2  
  121  12:14  Corruptor x2  
  125  12:20  Extractor, Hatchery  
  123  12:39  Infestation Pit  
  122  12:44  Evolution Chamber  
  121  12:56  Corruptor  
  121  12:57  Corruptor  
  125  13:00  Overlord x9  
  125  13:01  Overlord x4  
  121  13:43  Mutalisk x12  
  137  14:13  Extractor  
Show
View Real Time Build Order
Export as new Build Order

TATORREA Protoss - Winner!

Build Orders: Carriers 

Get SALT Encoding   

  12  0:01  Probe  
  13  0:13  Probe  
  14  0:21  Pylon  
  14  0:25  Probe  
  15  0:39  Probe  
  16  0:46  Gateway  
  16  0:51  Probe  
  17  1:11  Probe  
  18  1:18  Assimilator  
  18  1:20  Probe  
  18  1:23  Pylon  
  19  1:28  Probe  
  20  1:38  Probe  
  20  1:40  Cybernetics Core  
  21  1:50  Probe  
  21  1:53  Assimilator  
  22  2:02  Assimilator, Probe  
  22  2:06  Nexus  
  23  2:12  Pylon  
  23  2:14  Probe  
  23  2:31  Probe  
  23  2:35  Stalker  
  26  2:37  Warp Gate  
  26  2:43  Probe  
  27  2:48  Assimilator  
  27  2:53  Pylon  
  27  2:54  Probe  
  27  2:57  Pylon  
  28  3:02  Probe  
  29  3:23  Probe  
  29  3:24  Probe  
  31  3:31  Gateway  
  31  3:32  Probe x2  
  31  3:36  Assimilator  
  31  3:41  Probe x2  
  33  3:42  Assimilator  
  35  3:49  Stalker  
  35  3:53  Probe x2  
  39  4:05  Probe x2  
  41  4:17  Probe x2  
  41  4:19  Nexus  
  41  4:22  Pylon  
  43  4:24  Pylon  
  43  4:29  Probe x2  
  43  4:30  Stalker  
  47  4:35  Stalker  
  49  4:41  Probe x2  
  51  4:52  Probe  
  51  4:53  Probe  
  51  4:55  Stargate  
  51  4:57  Stargate  
  53  5:00  Probe  
  53  5:01  Probe  
  55  5:08  Probe  
  55  5:09  Probe  
  57  5:19  Probe  
  57  5:20  Probe  
  59  5:25  Assimilator  
  59  5:29  Assimilator  
  59  5:32  Probe x2  
  59  5:35  Probe  
  62  5:43  Fleet Beacon, Phoenix  
  62  5:44  Phoenix, Probe x2  
  62  5:47  Probe  
  69  5:56  Probe x2  
  71  5:59  Probe  
  72  6:08  Probe x2  
  74  6:11  Probe  
  75  6:20  Probe x2  
  75  6:23  Probe  
  73  6:26  Nexus  
  73  6:28  Pylon  
  73  6:31  Pylon  
  73  6:32  Probe x2  
  71  6:46  Stalker x2  
  71  6:53  Probe x3  
  72  7:05  Tempest, Carrier, Probe x3  
  86  7:17  Probe x3  
  86  7:20  Stargate  
  86  7:21  Stargate  
  89  7:29  Probe x3  
  92  7:44  Assimilator  
  92  7:48  Carrier  
  92  7:49  Assimilator  
  98  7:52  Probe x2  
  98  7:53  Probe  
  98  7:54  Probe  
  102  8:04  Probe x2  
  104  8:08  Tempest, Carrier  
  104  8:09  Tempest  
  120  8:16  Nexus  
  120  8:19  Pylon  
  120  8:22  Pylon, Cybernetics Core  
  120  8:25  Pylon  
  120  8:27  Pylon  
  120  8:28  Pylon  
  120  8:30  Pylon  
  120  8:35  Probe  
  120  8:36  Protoss Air Weapons Level 1  
  121  8:51  Carrier  
  121  8:52  Tempest  
  132  9:00  Carrier  
  138  9:11  Tempest  
  143  9:19  Protoss Air Armor Level 1  
  143  9:26  Assimilator  
  143  9:30  Assimilator  
  143  9:35  Carrier  
  149  9:48  Pylon  
  149  9:53  Pylon  
  149  9:54  Tempest  
  149  9:55  Tempest  
  149  9:57  Pylon  
  159  10:04  Carrier  
  159  10:06  Gateway  
  165  10:08  Gateway  
  165  10:10  Gateway  
  165  10:12  Gateway  
  165  10:24  Gateway  
  165  10:26  Gateway  
  152  10:30  Gateway  
  152  10:31  Gateway  
  144  10:38  Tempest, Carrier  
  144  10:39  Carrier  
  157  11:08  Tempest  
  162  11:13  Stalker x3  
  162  11:14  Stalker x3  
  174  11:21  Carrier  
  180  11:41  Tempest  
  180  11:43  Carrier  
  191  11:51  Carrier  
  195  12:47  Tempest  
  195  12:48  Carrier  
  142  13:35  Tempest  
Show
View Real Time Build Order
Export as new Build Order

tigro Terran - Winner!

Build Orders:  

Get SALT Encoding   

  12  0:01  SCV  
  13  0:14  SCV  
  14  0:26  SCV  
  15  0:28  Supply Depot  
  15  0:36  Refinery  
  15  0:50  SCV  
  15  0:53  Barracks  
  16  1:00  Refinery  
  16  1:02  SCV  
  17  1:14  SCV  
  18  1:25  Supply Depot  
  18  1:26  SCV  
  19  1:38  SCV  
  20  1:40  Marine  
  21  1:55  SCV  
  21  1:56  Barracks  
  21  1:58  Marine  
  23  2:10  SCV  
  24  2:15  Marine  
  25  2:23  SCV  
  26  2:33  Marine  
  27  2:51  Marine  
  27  2:53  Barracks Reactor  
  28  3:04  Factory  
  28  3:13  Orbital Command  
  28  3:21  Engineering Bay  
  28  3:30  Barracks Tech Lab  
  28  3:49  Factory Tech Lab  
  28  4:00  Starport  
  28  4:08  Terran Infantry Weapons Level 1  
  28  4:11  Combat Shield  
  28  4:37  Starport  
  28  4:48  Marine x3  
  28  4:50  Command Center  
  31  5:02  Siege Tank  
  31  5:05  Marine  
  31  5:06  Marine x2  
  37  5:18  Medivac  
  39  5:23  Marine  
  39  5:24  Marine x2  
  39  5:28  Starport Tech Lab  
  42  5:30  Stimpack  
  42  5:39  Fusion Core  
  42  5:41  Marine x3  
  45  5:59  Marine  
  45  6:02  Terran Infantry Armor Level 1  
  46  6:04  Refinery  
  46  6:07  Starport Tech Lab  
  46  6:16  SCV  
  47  6:28  SCV  
  47  6:29  Armory  
  48  6:37  Missile Turret  
  48  6:40  SCV  
  49  6:52  SCV  
  50  7:03  Missile Turret  
  50  7:04  SCV  
  50  7:06  Refinery  
  51  7:10  Concussive Shells  
  51  7:16  SCV  
  52  7:24  Missile Turret  
  52  7:28  SCV  
  53  7:38  Supply Depot  
  53  7:40  SCV  
  54  7:46  Missile Turret  
  54  7:53  SCV  
  54  7:55  Terran Infantry Weapons Level 2  
  55  8:05  SCV  
  56  8:07  Supply Depot  
  56  8:17  SCV  
  57  8:26  Command Center  
  57  8:29  SCV  
  57  8:30  Supply Depot  
  59  8:41  SCV  
  59  8:42  Refinery  
  59  8:53  SCV  
  60  8:58  Battlecruiser  
  66  9:05  SCV  
  67  9:17  SCV  
  74  9:24  Battlecruiser, Missile Turret  
  74  9:40  Marine x3, Refinery  
  74  9:45  Missile Turret  
  77  9:58  Marine x3  
  60  10:12  Hi-Sec Auto Tracking  
  60  10:15  Thor  
  60  10:16  Marine x3  
  69  10:22  Missile Turret  
  69  10:33  Marine  
  69  10:34  Marine x2  
  72  10:45  Missile Turret  
  72  10:51  Marine  
  72  10:52  Marine x2  
  72  10:53  Medivac x2  
  79  11:08  Missile Turret  
  79  11:09  Marine, Neosteel Armor  
  78  11:23  Battlecruiser x2  
  89  11:57  SCV  
  90  12:09  SCV  
  91  12:21  SCV  
  92  12:24  SCV  
  92  12:25  Missile Turret  
  93  12:33  SCV  
  93  12:36  SCV  
  95  12:45  SCV  
  95  12:47  Missile Turret  
  95  12:48  SCV  
  97  12:58  SCV  
  98  13:00  SCV  
  99  13:09  Missile Turret  
  99  13:10  SCV  
  100  13:13  SCV  
  100  13:14  Battlecruiser x2  
  113  13:22  SCV  
  114  13:31  Missile Turret  
  114  14:03  Missile Turret  
Show
View Real Time Build Order
Export as new Build Order

mentarok Protoss 

Build Orders: Forge Fast Expand (FFE) 

Get SALT Encoding   

  12  0:02  Probe  
  13  0:26  Probe  
  13  0:27  Pylon  
  14  0:38  Probe  
  15  0:46  Forge  
  15  0:51  Probe  
  16  1:03  Probe  
  17  1:18  Nexus  
  17  1:50  Nexus  
  17  1:52  Probe  
  18  1:59  Assimilator  
  18  2:05  Probe  
  19  2:17  Probe  
  19  2:18  Pylon  
  20  2:29  Probe  
  21  2:30  Photon Cannon  
  21  2:33  Probe  
  22  2:39  Assimilator  
  22  2:41  Probe  
  23  2:46  Assimilator, Probe  
  24  2:54  Gateway  
  24  2:58  Probe  
  25  3:03  Photon Cannon  
  25  3:04  Probe  
  26  3:10  Probe  
  27  3:19  Pylon  
  27  3:22  Probe  
  27  3:26  Probe  
  29  3:34  Probe  
  29  3:38  Probe  
  31  3:43  Cybernetics Core  
  31  3:45  Assimilator  
  31  3:46  Probe  
  32  3:49  Probe  
  32  3:50  Probe  
  34  3:59  Probe  
  34  4:01  Probe  
  34  4:02  Probe  
  37  4:09  Pylon  
  37  4:11  Probe  
  37  4:14  Probe x2  
  40  4:23  Probe  
  41  4:26  Probe  
  42  4:31  Stargate  
  42  4:48  Stargate  
  42  4:54  Photon Cannon  
  42  4:58  Photon Cannon  
  42  5:02  Pylon  
  42  5:05  Void Ray  
  42  5:10  Photon Cannon  
  46  5:32  Void Ray  
  46  5:34  Protoss Air Weapons Level 1  
  50  5:39  Assimilator  
  50  5:43  Assimilator  
  50  5:46  Probe  
  51  5:52  Void Ray  
  55  5:58  Probe  
  55  6:02  Pylon  
  56  6:05  Probe  
  56  6:10  Void Ray, Probe  
  58  6:18  Probe  
  63  6:25  Probe  
  63  6:30  Probe  
  65  6:34  Pylon  
  65  6:36  Pylon  
  65  6:38  Probe  
  66  6:41  Pylon  
  66  6:44  Pylon  
  66  6:46  Pylon  
  66  6:48  Void Ray  
  66  6:50  Probe  
  71  6:59  Void Ray  
  75  7:01  Stargate  
  75  7:02  Probe  
  75  7:04  Probe  
  77  7:14  Probe  
  78  7:16  Probe  
  78  7:21  Photon Cannon  
  79  7:22  Photon Cannon  
  79  7:26  Photon Cannon  
  79  7:28  Probe  
  80  7:33  Void Ray  
  84  7:38  Nexus  
  84  7:45  Void Ray  
  84  7:50  Protoss Shields Level 1  
  88  7:53  Protoss Air Armor Level 1  
  88  8:02  Fleet Beacon  
  88  8:10  Void Ray  
  92  8:21  Void Ray  
  92  8:23  Pylon  
  96  8:28  Probe  
  97  8:36  Assimilator  
  97  8:38  Assimilator  
  97  8:40  Probe  
  98  8:42  Void Ray  
  102  8:53  Void Ray  
  106  9:04  Void Ray  
  106  9:06  Probe  
  111  9:14  Probe  
  111  9:23  Probe  
  112  9:25  Void Ray  
  112  9:29  Stargate  
  117  9:36  Void Ray  
  97  10:42  Tempest  
  81  10:46  Void Ray, Tempest  
  81  10:49  Tempest  
  96  11:09  Probe  
  97  11:16  Protoss Air Weapons Level 2  
  97  11:19  Tempest  
  97  11:21  Probe  
  97  11:23  Tempest  
  103  11:26  Void Ray  
  103  11:27  Void Ray  
  114  12:05  Pylon  
  114  12:07  Pylon  
  100  12:10  Pylon  
  53  13:15  Void Ray  
  53  13:17  Void Ray  
  53  13:18  Void Ray  
Show
View Real Time Build Order
Export as new Build Order

Hélios Terran 

Build Orders:  

Get SALT Encoding   

  12  0:03  SCV  
  13  0:20  SCV  
  14  0:26  Supply Depot  
  14  0:28  Refinery  
  14  0:36  SCV  
  15  0:48  SCV  
  16  0:51  Barracks  
  16  1:01  Refinery, SCV  
  17  1:28  SCV  
  18  1:35  Supply Depot  
  18  1:40  SCV  
  19  1:52  SCV  
  19  1:54  Factory  
  20  2:04  SCV  
  21  2:21  Orbital Command  
  21  2:34  Supply Depot  
  21  2:43  Starport  
  21  3:01  Command Center  
  21  3:06  Supply Depot  
  21  3:25  Fusion Core  
  21  3:27  SCV  
  22  3:39  SCV  
  23  3:51  SCV  
  23  3:52  Starport, Starport Tech Lab  
  24  4:03  SCV  
  25  4:22  Battlecruiser  
  8  5:26  Starport Tech Lab  
  7  5:40  SCV  
  8  5:52  SCV  
  9  6:04  SCV  
  4  7:01  SCV  
  5  7:13  SCV  
  6  7:18  SCV  
  7  7:25  SCV  
  7  7:29  Refinery, Starport Tech Lab  
  8  7:30  SCV  
  9  7:37  SCV  
  9  7:42  SCV  
  11  7:50  SCV  
  12  7:54  SCV  
  13  8:02  SCV  
  14  8:06  SCV  
  15  8:18  SCV  
  15  8:19  SCV  
  17  8:30  SCV  
  17  8:31  SCV  
  19  8:42  SCV  
  19  8:43  SCV  
  21  8:49  Battlecruiser  
  21  8:54  SCV  
  28  8:55  SCV  
  29  9:07  SCV  
  29  9:08  SCV  
  31  9:19  SCV  
  31  9:20  SCV  
  33  9:27  Armory  
  33  9:31  SCV  
  34  9:32  SCV  
  34  9:35  Battlecruiser  
  41  9:43  SCV  
  41  9:44  SCV  
  43  10:19  SCV  
  44  10:30  Battlecruiser  
  44  10:31  SCV  
  51  10:36  Refinery  
  51  10:40  Refinery  
  45  11:47  Battlecruiser  
  45  11:58  SCV  
  46  12:09  Supply Depot  
  46  12:10  Terran Ship Weapons Level 1, SCV  
  47  12:20  Armory  
  47  12:22  SCV  
  48  12:34  SCV  
  49  12:46  SCV  
  49  12:48  Battlecruiser  
  48  13:11  Starport  
Show
View Real Time Build Order
Export as new Build Order

Odo Zerg 

Build Orders: Pool First 

Get SALT Encoding   

  12  0:04  Drone  
  13  0:13  Overlord  
  13  0:19  Drone  
  14  0:25  Extractor  
  14  0:26  Drone  
  14  0:33  Overlord  
  14  0:55  Spawning Pool  
  13  0:59  Drone x2  
  15  1:15  Drone x2  
  17  1:36  Drone x2  
  19  1:43  Queen  
  19  1:45  Zergling x2  
  22  2:01  Zergling x2  
  22  2:08  Zergling x2  
  24  2:32  Hatchery  
  23  2:41  Lair  
  23  2:45  Zergling x2  
  23  2:58  Extractor  
  23  2:59  Drone  
  23  3:00  Drone x2  
  25  3:25  Overlord  
  25  3:26  Overlord x2  
  25  3:48  Extractor  
  24  3:51  Spore Crawler  
  24  3:52  Drone x4  
  24  3:54  Spine Crawler  
  24  3:55  Queen  
  28  3:56  Drone  
  28  3:57  Drone  
  30  4:16  Drone  
  31  4:21  Drone x2  
  33  4:33  Zergling x2  
  33  4:37  Zergling x2  
  35  4:38  Hatchery  
  33  4:47  Spine Crawler  
  33  4:49  Zergling x2  
  33  4:54  Metabolic Boost  
  32  5:22  Spire  
  32  5:24  Drone x3  
  33  5:44  Drone x2  
  33  5:49  Drone x2  
  37  5:53  Queen  
  37  5:54  Drone  
  39  6:10  Spine Crawler  
  38  6:13  Zergling x6  
  39  6:22  Zergling x6  
  39  6:23  Zergling x10  
  39  6:35  Mutalisk  
  39  6:36  Mutalisk x2  
  42  6:55  Drone x4  
  42  6:56  Drone  
  42  7:00  Mutalisk x2  
  51  7:16  Drone  
  51  7:17  Drone  
  51  7:18  Queen  
  51  7:22  Drone x3  
  56  7:31  Spine Crawler  
  48  7:43  Drone x2  
  49  7:50  Mutalisk x3  
  55  7:54  Zerg Flyer Weapons Level 1  
  55  8:03  Spine Crawler  
  54  8:08  Drone x3  
  57  8:25  Mutalisk  
  59  8:27  Mutalisk  
  59  8:33  Mutalisk  
  63  8:42  Drone x2  
  63  8:43  Drone  
  63  8:46  Overlord  
  66  8:56  Spore Crawler  
  66  8:59  Spine Crawler  
  64  9:03  Spore Crawler  
  64  9:07  Queen  
  65  9:14  Corruptor  
  67  9:25  Drone x4  
  67  9:26  Drone  
  70  9:48  Zerg Flyer Armor Level 1  
  70  9:52  Queen  
  70  9:54  Drone x2, Spine Crawler  
  70  9:55  Drone  
  68  10:39  Corruptor x3  
  68  10:40  Corruptor x3  
  70  10:43  Overlord  
  70  10:44  Overlord x2  
  64  10:54  Spore Crawler  
  59  11:13  Corruptor x2  
  59  11:14  Corruptor x3  
  69  11:34  Spore Crawler  
  68  11:50  Corruptor x3  
  72  12:31  Mutalisk x3  
  42  13:14  Corruptor x2  
  26  13:36  Corruptor x2  
Tags
 
Add a new tag
Caveats
  • Supply blocks, unpowered buildings, or Contaminate may cause inaccurate times.
  • Supply counts are checked every 10 seconds.